[Event "FIDE WYCC Girls U16 2023"]
[Site "Montesilvano"]
[Date "2023.11.13"]
[Round "1.21"]
[White "Cymbron, Victoria"]
[Black "Braeutigam, Katerina"]
[Result "0-1"]
[ECO "B13"]
[WhiteElo "1563"]
[BlackElo "1904"]
[Annotator "NA"]
[PlyCount "106"]
[EventDate "2023.11.13"]
[EventType "swiss"]
[EventCountry "ITA"]
[SourceTitle "playchess.com"]
[Source "ChessBase"]
[SourceQuality "1"]
[TimeControl "40/5400+30:1800+30"]

1. e4 c6 2. d4 d5 3. exd5 cxd5 4. Bd3 Nc6 5. c3 Nf6 6. Bf4 g6 7. h3 Bg7 8. Nf3 O-O 9. O-O Bf5 10. Qc2 Bxd3 11. Qxd3 Nh5 12. Bh2 Bh6 13. Nbd2 Nf4 14. Bxf4 Bxf4 15. Rfe1 Qc7 16. Nf1 Rad8 17. Re2 f6 18. Rae1 e5 19. dxe5 fxe5 20. Qc2 e4 21. Nd4 Nxd4 22. cxd4 Qxc2 23. Rxc2 Rc8 24. Ree2 Kf7 25. Ne3 Ke6 26. Nd1 Kd6 27. Nc3 a6 28. a4 Rc6 29. Re1 Rf7 30. Rce2 Rc4 31. Rd1 Bh6 32. Rc2 Rfc7 33. Re2 Re7 34. f3 exf3 35. Rxe7 Kxe7 36. gxf3 Be3+ 37. Kg2 Kd6 38. Rd3 Bxd4 39. b3 Rxc3 40. Rxd4 Rxb3 41. Rh4 h5 42. Rf4 Ke7 43. Kg3 a5 44. Rd4 Ke6 45. Rd2 Rb4 46. Re2+ Kf6 47. Rd2 h4+ 48. Kf2 d4 49. Rc2 Rxa4 50. Rc5 Ra2+ 51. Kf1 d3 52. Rb5 Ra1+ 53. Kf2 d2 0-1

[Event "FIDE WYCC Girls U16 2023"]
[Site "Montesilvano"]
[Date "2023.11.13"]
[Round "1.22"]
[White "Ruchinskaya, Valerie"]
[Black "Sana Omprakash Kayyar"]
[Result "0-1"]
[ECO "D36"]
[WhiteElo "1903"]
[BlackElo "1562"]
[Annotator "NA"]
[PlyCount "90"]
[EventDate "2023.11.13"]
[EventType "swiss"]
[EventCountry "ITA"]
[SourceTitle "playchess.com"]
[Source "ChessBase"]
[SourceQuality "1"]
[TimeControl "40/5400+30:1800+30"]

1. d4 d5 2. c4 e6 3. Nc3 Nf6 4. cxd5 exd5 5. Bg5 Be7 6. e3 c6 7. Bd3 Nbd7 8. Qc2 O-O 9. Nge2 Re8 10. O-O h6 11. Bh4 Nh5 12. Bxe7 Qxe7 13. Rae1 Ndf6 14. Nc1 Bd7 15. f3 g6 16. Nb3 Ng7 17. e4 dxe4 18. fxe4 h5 19. Re2 Rf8 20. d5 cxd5 21. e5 Nh7 22. Nxd5 Qd8 23. Nf6+ Nxf6 24. exf6 Nf5 25. Bxf5 Qb6+ 26. Kh1 Qxf6 27. Nd4 Qxd4 28. Rd2 Bxf5 29. Rxf5 Rac8 30. Qd1 Qc4 31. Rfd5 Qc1 32. h4 Qxd1+ 33. Rxd1 Rc2 34. Rb5 Rc7 35. Kh2 Re8 36. Kg3 Re4 37. Rd8+ Kg7 38. Ra8 a6 39. Rb6 Rg4+ 40. Kh3 Rc1 41. g3 Rd4 42. Rxb7 Rd2 43. g4 Rd3+ 44. Kg2 Rc2+ 45. Kf1 Rd1# 0-1

[Event "FIDE WYCC Girls U16 2023"]
[Site "Montesilvano"]
[Date "2023.11.13"]
[Round "1.23"]
[White "Zhou, Shumeng"]
[Black "Putar, Lara"]
[Result "1-0"]
[ECO "D78"]
[WhiteElo "1559"]
[BlackElo "1892"]
[Annotator "NA"]
[PlyCount "111"]
[EventDate "2023.11.13"]
[EventType "swiss"]
[EventCountry "ITA"]
[SourceTitle "playchess.com"]
[Source "ChessBase"]
[SourceQuality "1"]
[TimeControl "40/5400+30:1800+30"]

1. Nf3 Nf6 2. c4 g6 3. g3 Bg7 4. Bg2 O-O 5. O-O c6 6. d4 d5 7. b3 Ne4 8. Bb2 Nd7 9. Nbd2 Ndf6 10. e3 Bf5 11. Rc1 Rc8 12. Ne5 Qa5 13. Nxe4 Nxe4 14. a3 Bxe5 15. dxe5 Rfd8 16. b4 Qa6 17. c5 b6 18. cxb6 axb6 19. g4 Be6 20. f3 Ng5 21. h4 Ne4 22. fxe4 dxe4 23. Qc2 Rd3 24. Qf2 Rcd8 25. Bd4 Rxa3 26. Bxe4 Bc4 27. Rfe1 b5 28. Ra1 Ba2 29. Bxc6 Qxc6 30. Rxa2 Rxa2 31. Qxa2 Qe4 32. Qg2 Qd3 33. Rf1 Rc8 34. Qf3 Qb3 35. Bc5 Qe6 36. Ra1 Kg7 37. Bd4 Rc2 38. Rf1 Kg8 39. Rf2 Rc1+ 40. Kh2 Kg7 41. Qe4 Rc4 42. Rb2 Kg8 43. h5 Rc1 44. Kg3 gxh5 45. gxh5 f5 46. Qa8+ Rc8 47. Qa2 Rc4 48. Rc2 Qh6 49. Kh4 Qc6 50. Rxc4 bxc4 51. Kg3 e6 52. Qg2 Qa4 53. Kf4+ Kf7 54. Qb7+ Ke8 55. Qc8+ Kf7 56. Bc5 1-0

[Event "FIDE WYCC Girls U16 2023"]
[Site "Montesilvano"]
[Date "2023.11.13"]
[Round "1.24"]
[White "Badenhorst, Chloe"]
[Black "Selvik, Elma"]
[Result "1-0"]
[ECO "B12"]
[WhiteElo "1885"]
[BlackElo "1540"]
[Annotator "NA"]
[PlyCount "51"]
[EventDate "2023.11.13"]
[EventType "swiss"]
[EventCountry "ITA"]
[SourceTitle "playchess.com"]
[Source "ChessBase"]
[SourceQuality "1"]
[TimeControl "40/5400+30:1800+30"]

1. e4 c6 2. d4 d5 3. e5 Bf5 4. Bd3 Bxd3 5. Qxd3 e6 6. Ne2 Nd7 7. O-O c5 8. c3 Ne7 9. a3 Nf5 10. Nd2 h5 11. Nf3 cxd4 12. cxd4 Be7 13. Ng3 Nxg3 14. fxg3 O-O 15. h4 Qb6 16. Be3 Rac8 17. Rf2 Rc6 18. Raf1 Qa6 19. Qb1 f5 20. exf6 Bxf6 21. Qg6 Rcc8 22. Bh6 Rfe8 23. Ng5 Nf8 24. Qf7+ Kh8 25. Rxf6 Nh7 26. Qxg7# 1-0

[Event "FIDE WYCC Girls U16 2023"]
[Site "Montesilvano"]
[Date "2023.11.13"]
[Round "1.25"]
[White "Djukic, Katarina"]
[Black "Karaivanova, Petya"]
[Result "0-1"]
[ECO "C76"]
[WhiteElo "1536"]
[BlackElo "1883"]
[Annotator "NA"]
[PlyCount "80"]
[EventDate "2023.11.13"]
[EventType "swiss"]
[EventCountry "ITA"]
[SourceTitle "playchess.com"]
[Source "ChessBase"]
[SourceQuality "1"]
[TimeControl "40/5400+30:1800+30"]

1. e4 e5 2. Nf3 Nc6 3. Bb5 a6 4. Ba4 d6 5. c3 Bd7 6. d4 g6 7. O-O Bg7 8. Re1 Nge7 9. Be3 O-O 10. Nbd2 h6 11. dxe5 Nxe5 12. Nxe5 dxe5 13. Bb3 Kh7 14. Bc5 b6 15. Ba3 f5 16. exf5 Rxf5 17. Bc2 Rf7 18. Nf3 Nc6 19. Be4 Qe8 20. Bxg6+ Kxg6 21. Qd3+ Kh5 22. h3 Rf4 23. g3 Bf5 24. Qe2 Rxf3 25. Qxf3+ Kg6 26. g4 Be6 27. Qe4+ Kf7 28. Rad1 Kg8 29. b3 Na7 30. c4 Rb8 31. Bb2 Nc6 32. f4 Bc8 33. fxe5 Bb7 34. Qd5+ Kh8 35. Qd7 Qf8 36. Qf5 Qb4 37. Qd3 Re8 38. Bc3 Qc5+ 39. Kh2 Qf2+ 40. Kh1 Nxe5+ 0-1

[Event "FIDE WYCC Girls U16 2023"]
[Site "Montesilvano"]
[Date "2023.11.13"]
[Round "1.26"]
[White "Hubert, Charlotte"]
[Black "Janouskova, Adela"]
[Result "1-0"]
[ECO "B77"]
[WhiteElo "1881"]
[BlackElo "1534"]
[Annotator "NA"]
[PlyCount "107"]
[EventDate "2023.11.13"]
[EventType "swiss"]
[EventCountry "ITA"]
[SourceTitle "playchess.com"]
[Source "ChessBase"]
[SourceQuality "1"]
[TimeControl "40/5400+30:1800+30"]

1. e4 c5 2. Nf3 d6 3. d4 cxd4 4. Nxd4 Nf6 5. Nc3 g6 6. Be3 Bg7 7. f3 O-O 8. Qd2 Nc6 9. Bc4 Bd7 10. Bb3 Na5 11. g4 Rb8 12. O-O-O b5 13. h4 h5 14. g5 Ne8 15. f4 Nc4 16. Bxc4 bxc4 17. Nce2 Qb6 18. c3 Qa5 19. Kb1 Nc7 20. f5 Na6 21. f6 exf6 22. gxf6 Bxf6 23. Rdf1 Bg7 24. Nf5 Bxf5 25. exf5 Nc5 26. Bxc5 Qxc5 27. f6 Bh8 28. Nd4 Rb6 29. Rf5 Qa3 30. Ka1 Qa4 31. Rhf1 d5 32. Qh6 Ra6 33. a3 Rb8 34. Ka2 Rab6 35. R1f2 Qa6 36. Qg5 Qb7 37. Qg2 Rd8 38. Qg5 Rb8 39. Qg2 Rd8 40. R5f4 Rdd6 41. Nf5 Rxf6 42. Qg5 Bg7 43. Nxg7 Rxf4 44. Qxf4 Kxg7 45. Qe5+ f6 46. Qe8 Qf7 47. Qd8 Rc6 48. Rd2 Rc5 49. Qd6 Ra5 50. Re2 Kh6 51. Re7 Qg8 52. Qf4+ g5 53. Qxf6+ Qg6 54. hxg5# 1-0

[Event "FIDE WYCC Girls U16 2023"]
[Site "Montesilvano"]
[Date "2023.11.13"]
[Round "1.27"]
[White "Rice, Lauren"]
[Black "Maria, Lia-Alexandra"]
[Result "1/2-1/2"]
[ECO "E04"]
[WhiteElo "1529"]
[BlackElo "1877"]
[Annotator "NA"]
[PlyCount "92"]
[EventDate "2023.11.13"]
[EventType "swiss"]
[EventCountry "ITA"]
[SourceTitle "playchess.com"]
[Source "ChessBase"]
[SourceQuality "1"]
[TimeControl "40/5400+30:1800+30"]

1. d4 d5 2. Nf3 Nf6 3. g3 c5 4. dxc5 Nc6 5. Bg2 e6 6. O-O Bxc5 7. c4 O-O 8. Nc3 dxc4 9. Qa4 Bd7 10. Qxc4 Be7 11. Rd1 a6 12. Bg5 Qc7 13. Ne4 Nd5 14. Bxe7 Ndxe7 15. Neg5 Ng6 16. h4 Rfd8 17. h5 Nge5 18. Qc2 g6 19. Ne4 Nxf3+ 20. exf3 Kg7 21. f4 e5 22. fxe5 Qxe5 23. f4 Qa5 24. b3 Bg4 25. Qb2+ Nd4 26. Rxd4 Qb6 27. Nf2 Rxd4 28. Nxg4 f6 29. h6+ Kf7 30. Kh2 Rad8 31. Qc3 Qe6 32. Nf2 Rd2 33. Qf3 R8d7 34. Bh3 f5 35. Bg2 Re2 36. Nh3 Kg8 37. Ng5 Qe8 38. b4 Rdd2 39. Qb3+ Kf8 40. Rg1 Rxg2+ 41. Rxg2 Rxg2+ 42. Kxg2 Qe2+ 43. Kh1 Qf1+ 44. Kh2 Qe2+ 45. Kg1 Qe1+ 46. Kh2 Qe2+ 1/2-1/2

[Event "FIDE WYCC Girls U16 2023"]
[Site "Montesilvano"]
[Date "2023.11.13"]
[Round "1.28"]
[White "Begic, Klara"]
[Black "Dumankyzy, Alfarabi"]
[Result "1-0"]
[ECO "A48"]
[WhiteElo "1877"]
[BlackElo "1525"]
[Annotator "NA"]
[PlyCount "101"]
[EventDate "2023.11.13"]
[EventType "swiss"]
[EventCountry "ITA"]
[SourceTitle "playchess.com"]
[Source "ChessBase"]
[SourceQuality "1"]
[TimeControl "40/5400+30:1800+30"]

1. d4 Nf6 2. Nf3 c5 3. e3 g6 4. g3 Bg7 5. Bg2 O-O 6. O-O d5 7. b3 Nc6 8. Bb2 cxd4 9. exd4 Bf5 10. c3 Rc8 11. Nh4 Bg4 12. f3 Bd7 13. f4 Bg4 14. Qd3 Qb6 15. Kh1 a5 16. Nd2 a4 17. Ba3 axb3 18. axb3 Rfd8 19. Bc5 Qc7 20. Qb5 Nd7 21. Ba3 Na7 22. Qd3 Nb6 23. h3 Be6 24. Bxe7 Qxe7 25. Rxa7 Bf6 26. f5 Bxh4 27. fxe6 Bf6 28. Qf3 Kg7 29. Rxb7 Qxe6 30. Qxf6+ Qxf6 31. Rxf6 Kxf6 32. Rxb6+ Ke7 33. Rb7+ Ke6 34. c4 dxc4 35. d5+ Ke5 36. Nxc4+ Kf6 37. d6 Ra8 38. Kh2 Ra2 39. g4 Rc2 40. Rb6 Ke6 41. Kg3 Rc3+ 42. Kf4 f6 43. Rb7 g5+ 44. Ke4 Rd7 45. Rb5 Rg3 46. Bf1 Rg1 47. Bd3 h6 48. Kf3 Kf7 49. Bf5 Rd8 50. Rb7+ Kf8 51. Be6 1-0

[Event "FIDE WYCC Girls U16 2023"]
[Site "Montesilvano"]
[Date "2023.11.13"]
[Round "1.29"]
[White "Di Fabio, Sara"]
[Black "Bruessow, Nina"]
[Result "1/2-1/2"]
[ECO "A36"]
[WhiteElo "1517"]
[BlackElo "1863"]
[Annotator "NA"]
[PlyCount "84"]
[EventDate "2023.11.13"]
[EventType "swiss"]
[EventCountry "ITA"]
[SourceTitle "playchess.com"]
[Source "ChessBase"]
[SourceQuality "1"]
[TimeControl "40/5400+30:1800+30"]

1. e4 c5 2. c4 Nc6 3. Nc3 d6 4. g3 g6 5. Bg2 Bg7 6. Nge2 e6 7. d3 Nge7 8. a3 O-O 9. O-O a6 10. Be3 b5 11. cxb5 axb5 12. Nxb5 Bxb2 13. Ra2 Bg7 14. d4 Ba6 15. d5 Bxb5 16. dxc6 Nxc6 17. Re1 Qc7 18. Qd2 Bc4 19. Rc2 Bb3 20. Rcc1 Rxa3 21. Bf4 Ne5 22. Nc3 Bc4 23. Ra1 Rfa8 24. Rxa3 Rxa3 25. Rd1 Nd3 26. Ne2 Ra2 27. Qe3 e5 28. Bg5 f6 29. Rxd3 Ra1+ 30. Bf1 Bxd3 31. Qxd3 fxg5 32. Nc3 Ra5 33. Qd5+ Kh8 34. Bc4 Ra1+ 35. Kg2 Qd8 36. Nb5 Ra6 37. Nc7 Ra7 38. Ne6 Qg8 39. Qxd6 Ra8 40. Bd5 Rc8 41. Nxg5 Qe8 42. Nf7+ Kg8 1/2-1/2

[Event "FIDE WYCC Girls U16 2023"]
[Site "Montesilvano"]
[Date "2023.11.13"]
[Round "1.30"]
[White "Kayis, Gulcan Sena"]
[Black "Boaron, Arianna"]
[Result "1/2-1/2"]
[ECO "B22"]
[WhiteElo "1859"]
[BlackElo "1516"]
[Annotator "NA"]
[PlyCount "60"]
[EventDate "2023.11.13"]
[EventType "swiss"]
[EventCountry "ITA"]
[SourceTitle "playchess.com"]
[Source "ChessBase"]
[SourceQuality "1"]
[TimeControl "40/5400+30:1800+30"]

1. e4 c5 2. c3 Nf6 3. e5 Nd5 4. Nf3 d6 5. d4 cxd4 6. cxd4 Nc6 7. Bc4 dxe5 8. dxe5 Ndb4 9. Qb3 e6 10. O-O Na5 11. Bb5+ Bd7 12. Qa4 Bxb5 13. Qxb5+ Nac6 14. Nc3 a6 15. Qc4 Qd3 16. Qg4 Qg6 17. Qxg6 hxg6 18. Rd1 Be7 19. Bf4 Rd8 20. Rxd8+ Bxd8 21. Rd1 Bb6 22. Rd2 Ne7 23. Be3 Bxe3 24. fxe3 Nbd5 25. Nd1 Nc6 26. e4 Nb6 27. Ne3 Ke7 28. Kf2 Rd8 29. Ke2 Nd7 30. Ng4 Nc5 1/2-1/2

[Event "FIDE WYCC Girls U16 2023"]
[Site "Montesilvano"]
[Date "2023.11.13"]
[Round "1.31"]
[White "Young, Anna Ovidia"]
[Black "Schebacher, Solene"]
[Result "1/2-1/2"]
[ECO "A25"]
[WhiteElo "1502"]
[BlackElo "1859"]
[Annotator "NA"]
[PlyCount "111"]
[EventDate "2023.11.13"]
[EventType "swiss"]
[EventCountry "ITA"]
[SourceTitle "playchess.com"]
[Source "ChessBase"]
[SourceQuality "1"]
[TimeControl "40/5400+30:1800+30"]

1. c4 e5 2. g3 Nf6 3. Bg2 Bc5 4. Nc3 Nc6 5. d3 O-O 6. Nf3 h6 7. O-O a5 8. b3 d6 9. Bb2 Re8 10. Qd2 Bg4 11. Rfe1 Nd4 12. Rad1 Qd7 13. Na4 Bb4 14. Bc3 Bxc3 15. Nxc3 Bxf3 16. exf3 Qf5 17. f4 exf4 18. Be4 Nxe4 19. dxe4 Nf3+ 20. Kg2 Nxe1+ 21. Rxe1 f3+ 22. Kh1 Qh3 23. Rg1 Re5 24. g4 Rg5 25. Rg3 Qh4 26. Qf4 h5 27. Rxf3 f6 28. Nd5 Qxg4 29. Qxg4 hxg4 30. Rg3 c6 31. Ne7+ Kf7 32. Nf5 Rd8 33. Ne3 Re8 34. Rxg4 Rxg4 35. Nxg4 Rxe4 36. Ne3 Rd4 37. Kg2 Ke6 38. Kf3 Rd2 39. a3 Rb2 40. b4 axb4 41. axb4 Rxb4 42. h4 b5 43. cxb5 cxb5 44. h5 Rh4 45. Ng2 Rxh5 46. Nf4+ Ke5 47. Nxh5 Kd4 48. Nxg7 Kd3 49. Ne8 b4 50. Nxd6 b3 51. Nb5 b2 52. Na3 Kc3 53. Ke4 Kb3 54. Nb1 Kc2 55. Na3+ Kb3 56. Nb1 1/2-1/2

[Event "FIDE WYCC Girls U16 2023"]
[Site "Montesilvano"]
[Date "2023.11.13"]
[Round "1.32"]
[White "Vlasova, Olesia"]
[Black "Dulteva, Anastasia"]
[Result "1-0"]
[ECO "D10"]
[WhiteElo "1850"]
[BlackElo "1498"]
[Annotator "NA"]
[PlyCount "67"]
[EventDate "2023.11.13"]
[EventType "swiss"]
[EventCountry "ITA"]
[SourceTitle "playchess.com"]
[Source "ChessBase"]
[SourceQuality "1"]
[TimeControl "40/5400+30:1800+30"]

1. d4 d5 2. c4 c6 3. cxd5 cxd5 4. Bf4 Nf6 5. Nc3 Nc6 6. e3 e6 7. Bd3 Bd6 8. Bxd6 Qxd6 9. f4 O-O 10. Nf3 Qb4 11. Qd2 Bd7 12. O-O Rac8 13. a3 Qe7 14. Rac1 Na5 15. Rce1 Nc4 16. Qc2 b5 17. Ne5 a5 18. Bxc4 dxc4 19. Nb1 Bc6 20. Nd2 Rfd8 21. Nxc6 Rxc6 22. Nf3 c3 23. a4 Qb4 24. axb5 Qxb5 25. Ne5 Rc7 26. bxc3 Nd5 27. c4 Qb4 28. c5 a4 29. Nc4 Qb5 30. Rb1 Qa6 31. Ra1 Ra8 32. e4 Nf6 33. Rfb1 g6 34. Nb6 1-0

[Event "FIDE WYCC Girls U16 2023"]
[Site "Montesilvano"]
[Date "2023.11.13"]
[Round "1.33"]
[White "Amulya Guruprasad"]
[Black "Kovacs, Reka"]
[Result "1/2-1/2"]
[ECO "C47"]
[WhiteElo "1466"]
[BlackElo "1840"]
[Annotator "NA"]
[PlyCount "68"]
[EventDate "2023.11.13"]
[EventType "swiss"]
[EventCountry "ITA"]
[SourceTitle "playchess.com"]
[Source "ChessBase"]
[SourceQuality "1"]
[TimeControl "40/5400+30:1800+30"]

1. e4 e5 2. Nf3 Nc6 3. Nc3 Nf6 4. a3 d5 5. Bb5 Nxe4 6. Qe2 Nxc3 7. Qxe5+ Qe7 8. dxc3 Bd7 9. Qxe7+ Bxe7 10. Bf4 O-O-O 11. O-O-O a6 12. Ba4 b5 13. Bb3 Be6 14. Rhe1 h6 15. a4 Bd6 16. Bg3 Bxg3 17. hxg3 Rd6 18. Nd4 Nxd4 19. cxd4 c6 20. Kd2 Kb7 21. Ra1 Rdd8 22. Ra2 Ra8 23. Rea1 Rhc8 24. c3 Bf5 25. axb5 axb5 26. Rxa8 Rxa8 27. Rxa8 Kxa8 28. Ke3 Kb7 29. Bd1 Kc7 30. g4 Bg6 31. f4 f6 32. Kd2 Kd6 33. b3 Bf7 34. Be2 Be6 1/2-1/2

[Event "FIDE WYCC Girls U16 2023"]
[Site "Montesilvano"]
[Date "2023.11.13"]
[Round "1.34"]
[White "Maton, Emily"]
[Black "Hayrapetyan, Nvard"]
[Result "0-1"]
[ECO "A13"]
[WhiteElo "1837"]
[BlackElo "1462"]
[Annotator "NA"]
[PlyCount "122"]
[EventDate "2023.11.13"]
[EventType "swiss"]
[EventCountry "ITA"]
[SourceTitle "playchess.com"]
[Source "ChessBase"]
[SourceQuality "1"]
[TimeControl "40/5400+30:1800+30"]

1. Nf3 Nf6 2. c4 e6 3. g3 d5 4. b3 d4 5. Bb2 Nc6 6. Bg2 e5 7. d3 Be7 8. a3 a5 9. Qc1 O-O 10. O-O h6 11. e3 Bf5 12. exd4 exd4 13. Rd1 Qd7 14. Qc2 Ng4 15. Nbd2 Bc5 16. Ne4 Ba7 17. h3 Nge5 18. Nxe5 Nxe5 19. f4 Nc6 20. g4 Bh7 21. f5 Ne5 22. f6 g5 23. Qd2 Kh8 24. Re1 Ng6 25. Ng3 Nf4 26. Ne4 Rfe8 27. Rad1 Re5 28. Qf2 Rae8 29. Qf3 Qc6 30. h4 a4 31. hxg5 hxg5 32. b4 Bxe4 33. dxe4 Qxc4 34. Rc1 Qa2 35. Ba1 c6 36. Qg3 Qxg2+ 37. Qxg2 Nxg2 38. Kxg2 Rxe4 39. Rxe4 Rxe4 40. Rh1+ Kg8 41. Rh5 Rxg4+ 42. Kf3 Rg1 43. Bb2 Rf1+ 44. Ke4 Rf4+ 45. Kd3 Rf5 46. Ke4 Rxf6 47. Rxg5+ Kf8 48. Ra5 Re6+ 49. Kd3 Re3+ 50. Kd2 Bb6 51. Rxa4 Re8 52. Kd3 Rd8 53. Bc1 Ke7 54. b5 c5 55. Rc4 Kd6 56. a4 Kd5 57. Bd2 Rh8 58. Rc1 c4+ 59. Ke2 Rh2+ 60. Kd1 Rh1+ 61. Be1 Ba5 0-1

[Event "FIDE WYCC Girls U16 2023"]
[Site "Montesilvano"]
[Date "2023.11.13"]
[Round "1.35"]
[White "Park, Haneul"]
[Black "Enkhrii Enkh-Amgalan"]
[Result "0-1"]
[ECO "A70"]
[WhiteElo "1461"]
[BlackElo "1821"]
[Annotator "NA"]
[PlyCount "148"]
[EventDate "2023.11.13"]
[EventType "swiss"]
[EventCountry "ITA"]
[SourceTitle "playchess.com"]
[Source "ChessBase"]
[SourceQuality "1"]
[TimeControl "40/5400+30:1800+30"]

1. d4 Nf6 2. c4 c5 3. d5 e6 4. Nc3 exd5 5. cxd5 d6 6. e4 g6 7. Nf3 Bg7 8. Bd3 O-O 9. O-O Bg4 10. h3 Bxf3 11. Qxf3 Nbd7 12. Bf4 Qe7 13. Bc2 Nh5 14. Bd2 Ne5 15. Qe3 a6 16. b3 b5 17. Rac1 Nd7 18. Ne2 Rfe8 19. Bc3 Nhf6 20. Ng3 Nxd5 21. exd5 Qxe3 22. fxe3 Bxc3 23. Ne4 Be5 24. Rf3 Rac8 25. Bd3 f5 26. Nf2 Nf6 27. g4 fxg4 28. Nxg4 Nxd5 29. e4 Nb4 30. Bb1 Rf8 31. Nxe5 dxe5 32. Rfc3 a5 33. Rxc5 Rxc5 34. Rxc5 Rd8 35. Rc1 Rd6 36. a3 Nc6 37. Kf1 Nd4 38. b4 axb4 39. axb4 Kg7 40. Ba2 Nc6 41. Rc5 Nxb4 42. Bb3 Rd3 43. Be6 Rd4 44. Rxb5 Rxe4 45. Rb7+ Kf6 46. Bg8 h5 47. Rb6+ Kg7 48. Bb3 Nd3 49. Rd6 Re1+ 50. Kg2 Nf4+ 51. Kf2 Rh1 52. Be6 Rh2+ 53. Kg3 Rg2+ 54. Kf3 h4 55. Ke4 Rg3 56. Kxe5 Nxe6 57. Rxe6 Re3+ 58. Kd5 Rxh3 59. Ke4 Rg3 60. Kf4 Rg1 61. Re2 Kf6 62. Rh2 g5+ 63. Ke3 Kf5 64. Kf2 Ra1 65. Rh3 Ra2+ 66. Kg1 Kg4 67. Rc3 h3 68. Rc4+ Kg3 69. Rc3+ Kh4 70. Rc4+ g4 71. Rc8 Ra3 72. Rh8+ Kg3 73. Kf1 Ra1+ 74. Ke2 h2 0-1

[Event "FIDE WYCC Girls U16 2023"]
[Site "Montesilvano"]
[Date "2023.11.14"]
[Round "2.1"]
[White "Siekanska, Maria"]
[Black "Grimault, Leane"]
[Result "1-0"]
[ECO "E49"]
[WhiteElo "2180"]
[BlackElo "1814"]
[Annotator "ChessBase"]
[PlyCount "69"]
[EventDate "2023.11.13"]
[EventType "swiss"]
[EventCountry "ITA"]
[SourceTitle "playchess.com"]
[Source "ChessBase"]
[SourceQuality "1"]
[TimeControl "40/5400+30:1800+30"]

1. d4 d5 2. c4 e6 3. Nc3 Bb4 4. e3 Nf6 5. a3 Bxc3+ 6. bxc3 O-O 7. cxd5 exd5 8. Bd3 c5 9. f3 Nc6 10. Ne2 Re8 11. O-O Be6 12. Bb2 Bd7 13. Bc1 Rc8 14. Ng3 a6 15. a4 cxd4 16. cxd4 Nb4 17. Bb1 a5 18. Ra3 Qc7 19. Bb2 b5 20. e4 dxe4 21. fxe4 Bg4 22. Qd2 Qb6 23. Kh1 Rcd8 24. d5 Nh5 25. Nf5 Rd7 26. h3 Bxf5 27. Rxf5 g6 28. Rxh5 gxh5 29. Rg3+ Kf8 30. Bd4 Qd6 31. Qg5 Qg6 32. Qf4 Qd6 33. Bg7+ Ke7 34. e5 Qb6 35. Qg5+ 1-0

[Event "FIDE WYCC Girls U16 2023"]
[Site "Montesilvano"]
[Date "2023.11.14"]
[Round "2.2"]
[White "Field, Rowan Soraya"]
[Black "Shvedova, Alexandra"]
[Result "0-1"]
[ECO "B51"]
[WhiteElo "1810"]
[BlackElo "2170"]
[Annotator "ChessBase"]
[PlyCount "76"]
[EventDate "2023.11.13"]
[EventType "swiss"]
[EventCountry "ITA"]
[SourceTitle "playchess.com"]
[Source "ChessBase"]
[SourceQuality "1"]
[TimeControl "40/5400+30:1800+30"]

1. e4 c5 2. Nf3 d6 3. Bb5+ Nd7 4. d4 cxd4 5. Qxd4 a6 6. Be2 Ngf6 7. c4 g6 8. Nc3 Bg7 9. O-O O-O 10. h3 Qc7 11. Rd1 b6 12. Qe3 Bb7 13. Rb1 Rac8 14. Nd5 Nxd5 15. exd5 Rfe8 16. Nd4 Nf8 17. Qg3 e6 18. dxe6 fxe6 19. Be3 e5 20. Nb3 Ne6 21. Rbc1 Rf8 22. c5 Nxc5 23. Nxc5 bxc5 24. b4 Qe7 25. bxc5 dxc5 26. Bg4 Rc7 27. Bxc5 Rxc5 28. Rxc5 Qxc5 29. Qb3+ Rf7 30. Rd2 Qc1+ 31. Rd1 Qf4 32. f3 Kh8 33. Rd8+ Bf8 34. Be6 Rc7 35. Qa3 Rc1+ 36. Kf2 Qh4+ 37. g3 Rc2+ 38. Kf1 Qxd8 0-1

[Event "FIDE WYCC Girls U16 2023"]
[Site "Montesilvano"]
[Date "2023.11.14"]
[Round "2.3"]
[White "Schippke, Manon"]
[Black "Nuriyeva, Nurtan"]
[Result "1/2-1/2"]
[ECO "B90"]
[WhiteElo "2110"]
[BlackElo "1809"]
[Annotator "NA"]
[PlyCount "96"]
[EventDate "2023.11.13"]
[EventType "swiss"]
[EventCountry "ITA"]
[SourceTitle "playchess.com"]
[Source "ChessBase"]
[SourceQuality "1"]
[TimeControl "40/5400+30:1800+30"]

1. e4 c5 2. Nf3 d6 3. d4 cxd4 4. Nxd4 Nf6 5. Nc3 a6 6. h3 b5 7. g4 Bb7 8. Bg2 g6 9. Be3 Bg7 10. Qd2 Nfd7 11. Bh6 Bxd4 12. Qxd4 Rg8 13. f4 Nc6 14. Qf2 Qb6 15. Nd5 Qxf2+ 16. Kxf2 Rc8 17. Rad1 Na5 18. c3 Nc4 19. b3 Ncb6 20. Nxb6 Nxb6 21. Rd3 Rc7 22. Rhd1 f6 23. h4 Kf7 24. Rg3 Nd7 25. Rdd3 Nc5 26. Rde3 Nd7 27. Ke2 Ba8 28. Kd2 Rc5 29. Bf1 Rgc8 30. Be2 Bb7 31. Bd1 R5c7 32. Bc2 Rg8 33. Re2 e6 34. Rd3 Ke7 35. g5 Rgc8 36. gxf6+ Nxf6 37. Bg5 Kf7 38. Rde3 d5 39. exd5 Bxd5 40. Bxf6 Kxf6 41. h5 gxh5 42. Rh2 Rg8 43. Rxh5 Rg2+ 44. Kc1 Rcg7 45. f5 Rf2 46. Rh6+ Kg5 47. Reh3 exf5 48. Rxa6 Kf4 1/2-1/2

[Event "FIDE WYCC Girls U16 2023"]
[Site "Montesilvano"]
[Date "2023.11.14"]
[Round "2.4"]
[White "Zelbova, Lada"]
[Black "Tadic, Ana"]
[Result "1-0"]
[ECO "D02"]
[WhiteElo "2057"]
[BlackElo "1791"]
[Annotator "NA"]
[PlyCount "81"]
[EventDate "2023.11.13"]
[EventType "swiss"]
[EventCountry "ITA"]
[SourceTitle "playchess.com"]
[Source "ChessBase"]
[SourceQuality "1"]
[TimeControl "40/5400+30:1800+30"]

1. d4 d5 2. Bf4 Nf6 3. e3 c5 4. c3 Nc6 5. Nd2 e6 6. Ngf3 cxd4 7. exd4 Nh5 8. Be3 Bd6 9. Bd3 Nf4 10. Bxf4 Bxf4 11. O-O O-O 12. Re1 Rb8 13. Qc2 g6 14. a4 a6 15. h4 Ne7 16. a5 Nf5 17. g3 Bh6 18. Nb3 b5 19. axb6 Qxb6 20. Ra3 Rd8 21. g4 Nd6 22. Rb1 Nc4 23. Bxc4 dxc4 24. Na5 f6 25. Qe4 Bb7 26. Nxb7 Rxb7 27. Rba1 Ra7 28. g5 f5 29. Qe2 Bf8 30. Ra4 Rd5 31. Rxc4 Rb7 32. Rca4 a5 33. c4 Rdd7 34. Rxa5 Re7 35. R1a2 Qb3 36. R5a3 Qb4 37. Ra4 Qb3 38. Kg2 h6 39. Ra8 hxg5 40. Nxg5 f4 41. Qe4 1-0

[Event "FIDE WYCC Girls U16 2023"]
[Site "Montesilvano"]
[Date "2023.11.14"]
[Round "2.5"]
[White "Shohradova, Leyla"]
[Black "Peglau, Charis"]
[Result "1-0"]
[ECO "D27"]
[WhiteElo "1782"]
[BlackElo "2045"]
[Annotator "NA"]
[PlyCount "80"]
[EventDate "2023.11.13"]
[EventType "swiss"]
[EventCountry "ITA"]
[SourceTitle "playchess.com"]
[Source "ChessBase"]
[SourceQuality "1"]
[TimeControl "40/5400+30:1800+30"]

1. d4 Nf6 2. c4 e6 3. Nf3 d5 4. e3 c5 5. Nc3 Nc6 6. Be2 a6 7. a4 dxc4 8. Bxc4 cxd4 9. exd4 Bb4 10. O-O O-O 11. Bg5 h6 12. Bh4 Be7 13. Re1 Qb6 14. Ne5 Rd8 15. d5 Nxe5 16. Rxe5 Qxb2 17. Re3 Qb4 18. Qe2 g5 19. Bg3 Bc5 20. Rb1 Qa5 21. dxe6 Bxe3 22. exf7+ Kg7 23. Qxe3 b5 24. Qe7 Kg6 25. Bc7 Qxc3 26. Bxd8 Nh7 27. Qe8 Bd7 28. Qg8+ Kh5 29. Be2+ Bg4 30. Bxg4+ Kxg4 31. h3+ Kf4 32. g3+ Kf3 33. Qxh7 Rxd8 34. Qf5+ Ke2 35. f8=Q Rxf8 36. Qxf8 bxa4 37. Qe7+ Kd2 38. Qe1+ Kd3 39. Rd1+ Kc4 40. Rc1 Kd5 1-0